 Dungeon Crawl Stone Soup version 0.29-a0-911-g88e6f02907 (webtiles) character file.

Game seed: 4638821068534114757

5 lesaewzxc the Stinger (level 1, 0/14 HPs)
             Began as a Draconian Venom Mage on July 25, 2022.
             Slain by a bat (1 damage)
             ... on level 1 of the Dungeon.
             The game lasted 00:01:04 (129 turns).

lesaewzxc the Stinger (Draconian Venom Mage)         Turns: 129, Time: 00:01:04

Health: 0/14       AC:  4    Str: 10    XL:     1   Next: 66%
Magic:  0/3        EV: 12    Int: 15    God:
Gold:   7          SH:  0    Dex: 11    Spells: 3/4 levels left

rFire   . . .      SeeInvis .   (no weapon)
rCold   . . .      Faith    .   (no shield)
rNeg    . . .      Spirit   .   (body armour unavailable)
rPois   .          Reflect  .   (helmet restricted)
rElec   .          Harm     .   (no cloak)
rCorr   .          Rampage  .   (no gloves)
Will    .....                   (no boots)
Stlth   ++........              (no amulet)
HPRegen 0.04/turn               (no ring)
MPRegen 0.08/turn               (no ring)

@: no status effects
A: AC +4, unfitting armour, cold-blooded
a: no special abilities


You were on level 1 of the Dungeon.
You visited 1 branch of the dungeon, and saw 1 of its levels.

You collected 7 gold pieces.

Inventory:

Potions
 a - a potion of magic


   Skills:
 + Level 1.9 Dodging
 + Level 1.9 Stealth
 + Level 2.0 Spellcasting
 + Level 1.1 Transmutations
 + Level 3.0 Poison Magic


You had 3 spell levels left.
You knew the following spells:

 Your Spells              Type           Power      Damage    Failure   Level
a - Sting                 Tmut/Pois      28%        1d4       10%         1

Your spell library contained the following spells:

 Spells                   Type           Power      Damage    Failure   Level
 Poisonous Vapours        Pois/Air       12%        N/A       19%         2
 Mephitic Cloud           Conj/Pois/Air  4%         N/A       41%         3
 Olgreb's Toxic Radiance  Pois           10%        N/A       52%         4


Dungeon Overview and Level Annotations

Branches:
Dungeon (1/15)

Altars:


Innate Abilities, Weirdness & Mutations

Your plain brown scales are hard. (AC +4)
You cannot fit into any form of body armour.
You are cold-blooded and may be slowed by cold attacks.


Message History

The kobold misses you. The jackal misses you.
You barely miss the jackal.
You tail-slap the jackal, but do no damage.
The jackal is heavily wounded.
The jackal misses you. The kobold barely misses you.
You closely miss the jackal.
The jackal is heavily wounded.
The jackal bites you but does no damage.
The kobold hits you with a +0 dagger.
You hit the jackal.
The jackal is severely wounded.
The jackal completely misses you.
The jackal bites you but does no damage.
The kobold hits you with a +0 dagger.
You completely miss the jackal.
The jackal is severely wounded.
The jackal closely misses you. The kobold barely misses you.
You closely miss the jackal.
The jackal is severely wounded.
The jackal barely misses you. The kobold hits you with a +0 dagger.
* * * LOW HITPOINT WARNING * * *
The jackal barely misses you.
You hit the jackal but do no damage.
The jackal is severely wounded.
The jackal bites you.
* * * LOW HITPOINT WARNING * * *
The kobold barely misses you.
Aiming: Sting (safe; 10% risk of failure)
Press: ? - help, Q - select action Shift-Dir - straight line, f - jackal
Aim: a jackal (severely wounded, 60% to hit)
The sting hits the jackal but does no damage.
The jackal is poisoned.
The jackal is severely wounded.
The jackal barely misses you. The kobold completely misses you.
You kill the jackal!
The bat misses you.
You hit the bat.
Your tail-slap misses the bat.
The bat is moderately wounded.
The bat hits you.
You die...

.####### .......# #.
.#####.## #.## .#
#....##### #... ##
#....#...# #..♣
####[...'...# #..♣
'.#.....#.8.# #..♣
#.......#...# #..♣
#.##....#...# #.@♣
#.####.###### #.b♣♣
#.####'##### #.K.♣
....##....(####.#..♣
#.#.##.....##...##..♣
..#.##.##<.##.###
#..♣ .##.##.....##.#
#... ....##.....##.#
.... ..###########.#
....


You could see a bat and a kobold.

Vanquished Creatures
  4 jackals (D:1)
4 creatures vanquished.

Notes
Turn   | Place    | Note
-------+----------+-------------------------------------------
     0 | D:1      | lesaewzxc the Draconian Venom Mage began the quest for the
                  | Orb.
     0 | D:1      | Reached XP level 1. HP: 14/14 MP: 3/3
   129 | D:1      | Slain by a bat

Illustrated notes

Levels and vault maps discovered:
D:1:      dpeg_arrival_rooms_b, layout_basic,
          dilly_ecumenical_altar_fadedgnrine, st_stairs_13

Action                   || total
-------------------------++-------
Melee: Unarmed           ||    24
       Tailslap          ||     2
       Punch             ||     1
 Cast: Sting             ||     5
Armor: Skin              ||    23
Dodge: Dodged            ||    47

Table legend: (Time is in decaauts)
 A = Elapsed time spent in this place.
 B = Non-inter-level travel time spent in this place.
 C = Inter-level travel time spent in this place.
 D = Time resting spent in this place.
 E = Time spent auto-exploring this place.
 F = Levels seen in this place.
 G = Mean time per level.
                   A        B        C        D        E       F      G
               +--------+--------+--------+--------+--------+-----+--------+
         Total |    129 |     94 |     35 |      0 |     47 |   1 |  129.0 |
       Dungeon |    129 |     94 |     35 |      0 |     47 |   1 |  129.0 |
               +--------+--------+--------+--------+--------+-----+--------+

Top non-repeatable levels by time:
     D:1: 129 daAuts
